Map: Abyssal Reef LE

Players

Salvite - Winner!

  • Race: Protoss Protoss
  • League: Silver
  • Spawn Location: 5:00

A.I. 1 (Very Easy)

  • Race: Zerg Zerg
  • Spawn Location: 11:00

VOD

Have the link to the VOD?

Description

Time

  • Played on: June 3, 2017, 5:55 p.m.
  • Length: 8:54
Show
View Real Time Build Order
Export as new Build Order

Salvite Protoss - Winner!

Build Orders:  

Get SALT Encoding   

  12  0:01  Probe (Chrono Boost)  
  14  0:14  Probe (Chrono Boost)  
  14  0:25  Pylon  
  14  0:28  Probe (Chrono Boost)  
  15  0:43  Probe (Chrono Boost)  
  16  0:50  Gateway  
  16  0:54  Probe (Chrono Boost)  
  17  0:59  Assimilator  
  17  1:03  Assimilator  
  17  1:05  Probe (Chrono Boost)  
  18  1:15  Pylon  
  18  1:18  Probe (Chrono Boost)  
  19  1:28  Probe (Chrono Boost)  
  20  1:39  Probe (Chrono Boost)  
  21  1:43  Cybernetics Core  
  20  1:49  Probe (Chrono Boost)  
  20  1:52  Zealot  
  23  2:00  Probe (Chrono Boost)  
  24  2:10  Probe (Chrono Boost)  
  25  2:21  Mothership Core (Chrono Boost)  
  27  2:23  Warp Gate  
  27  2:34  Pylon  
  27  2:38  Sentry  
  27  2:40  Probe (Chrono Boost)  
  30  2:50  Probe (Chrono Boost)  
  31  3:02  Nexus  
  31  3:09  Pylon  
  31  3:17  Probe (Chrono Boost)  
  32  3:28  Stargate  
  32  3:34  Adept  
  34  3:37  Probe (Chrono Boost)  
  35  3:46  Gateway  
  34  4:00  Probe (Chrono Boost)  
  35  4:24  Probe x2 (Chrono Boost)  
  37  4:32  Void Ray  
  37  4:34  Probe x2 (Chrono Boost)  
  43  4:45  Stargate  
  43  4:47  Fleet Beacon  
  43  5:09  Robotics Facility  
  43  5:15  Void Ray  
  43  5:20  Pylon  
  47  5:22  Pylon  
  47  5:27  Assimilator  
  47  5:29  Assimilator  
  47  5:36  Void Ray  
  51  6:02  Void Ray  
  55  6:05  Warp Prism  
  57  6:16  Probe (Chrono Boost)  
  57  6:17  Probe (Chrono Boost)  
  59  6:27  Probe x2 (Chrono Boost)  
  59  6:28  Void Ray  
  65  6:44  Observer  
  66  7:03  Void Ray  
  70  7:10  Void Ray  
  74  7:17  Probe x2 (Chrono Boost)  
  76  7:27  Probe (Chrono Boost)  
  76  7:28  Probe (Chrono Boost)  
  78  7:42  Pylon  
  78  7:44  Pylon  
  78  7:46  Pylon  
  78  8:00  Void Ray x2  
Show
View Real Time Build Order
Export as new Build Order

A.I. 1 (Very Easy) Zerg 

Build Orders: Pool First 

Get SALT Encoding   

  12  0:01  Drone  
  13  0:12  Overlord  
  13  0:17  Drone  
  14  0:36  Spawning Pool  
  14  0:37  Extractor  
  14  0:40  Drone  
  13  0:47  Drone  
  14  0:53  Overlord  
  14  1:23  Zergling x2  
  14  1:24  Queen  
  17  1:34  Roach Warren  
  17  1:37  Drone  
  17  1:41  Extractor  
  17  1:46  Drone  
  17  1:50  Zergling x2  
  18  2:05  Drone  
  19  2:12  Drone  
  20  2:17  Zergling x2  
  20  2:20  Drone  
  22  2:31  Overlord  
  22  2:35  Drone  
  23  2:42  Drone  
  24  2:45  Roach  
  26  2:53  Drone  
  27  4:11  Zergling x2  
  27  7:15  Drone, Lair, Overlord  
  28  7:22  Drone  
  29  7:23  Hatchery  
  29  7:24  Zergling x2  
  29  7:29  Drone  
  28  7:36  Drone  
  29  7:42  Overlord  
  29  7:43  Drone  
  28  7:51  Drone  
  26  7:52  Roach  
  26  7:58  Drone  
  27  7:59  Hatchery  
  27  8:01  Overlord  
  27  8:04  Overlord  
  25  8:12  Overseer  
  22  8:16  Spire  
  21  8:22  Overlord, Zergling x2  
  24  8:31  Overlord  
  24  8:32  Overlord  
Tags
 
League
Silver
Matchup
PvZ
Opening
Pool First
Spawn Locations
Cross Positions
Add a new tag
Caveats
  • Supply blocks, unpowered buildings, or Contaminate may cause inaccurate times.
  • Supply counts are checked every 10 seconds.